 Dungeon Crawl Stone Soup version 0.30-a0-341-g682706514a (webtiles) character file.

Game seed: 7787315065635234000

46505 Decritt the Fighter (level 14, -9/112 HPs)
             Began as a Djinni Air Elementalist on Nov 4, 2022.
             Was a High Priest of Makhleb.
             Mangled by a catoblepas (20 damage)
             ... on level 3 of the Lair of Beasts.
             The game lasted 00:45:49 (26791 turns).

Decritt the Fighter (Djinni Air Elementalist)      Turns: 26791, Time: 00:45:50

Health: -9/112     AC: 13    Str:  7    XL:     14   Next: 76%
Gold:   1060       EV:  8    Int: 27    God:    Makhleb [*****.] SH:  5 Dex: 15

rFire   + + .      SeeInvis .    B - staff of cold
rCold   . . .      Faith    .    d - +0 buckler
rNeg    . . .      Spirit   .    C - +1 steam dragon scales
rPois   ∞          Reflect  .    (no helmet)
rElec   .          Harm     .    p - +1 cloak
rCorr   +          Rampage  .    n - +1 pair of gloves
Will    +....                    (boots unavailable)
Stlth   ++........               (no amulet)
HPRegen 0.38/turn                D - ring of resist corrosion
MPRegen 0.00/turn                f - +6 ring of intelligence

@: petrifying (expiring), flying, very slow
A: sickness immunity, fire resistance 2, cold vulnerability 1, float, innate
caster, HP casting, extra vitality 1
a: Renounce Religion, Minor Destruction, Lesser Servant of Makhleb, Major
Destruction, Greater Servant of Makhleb


You were on level 3 of the Lair of Beasts.
You worshipped Makhleb.
Makhleb was extremely pleased with you.
You visited 3 branches of the dungeon, and saw 17 of its levels.
You also visited: Ossuary.

You collected 1060 gold pieces.

Inventory:

Missiles
 F - 2 throwing nets
Armour
 d - a +0 buckler (worn)
 n - a +1 pair of gloves (worn)
 p - a +1 cloak (worn)
 C - +1 steam dragon scales (worn)
 H - +0 acid dragon scales
Magical Staves
 B - a staff of cold (weapon)
Jewellery
 f - a +6 ring of intelligence (right hand)
 o - a +6 ring of strength
 D - a ring of resist corrosion (left hand)
Wands
 s - a wand of digging (11)
 t - a wand of flame (44)
 v - a wand of charming (20)
 y - a wand of mindburst (8)
 E - a wand of roots (5)
 G - a wand of polymorph (9)
Scrolls
 g - 7 scrolls of teleportation
 m - 3 scrolls of magic mapping
 r - a scroll of silence
 x - 4 scrolls of fear
 A - 4 scrolls of poison
 I - 2 scrolls of butterflies
 J - a scroll of blinking
 K - a scroll of enchant armour
Potions
 a - 3 potions of haste
 b - 3 potions of attraction
 c - 3 potions of brilliance
 e - 9 potions of curing
 h - 7 potions of cancellation
 i - 3 potions of lignification
 j - 3 potions of heal wounds
 k - 3 potions of mutation
 l - 4 potions of degeneration
 q - 4 potions of ambrosia
 u - 4 potions of resistance
 w - a potion of might
 z - a potion of magic
 L - 2 potions of invisibility {unknown}


   Skills:
 + Level 14.5 Fighting
 + Level 9.6 Armour
 + Level 9.8 Dodging
 - Level 1.5 Stealth
 - Level 6.0 Shields
 * Level 11.4 Spellcasting


You had 6 spell levels left.
You knew the following spells:

 Your Spells              Type           Power      Damage    Failure   Level
a - Airstrike             Air            33%        2d(5-21)  1%          4
b - Arcjolt               Conj/Air       33%        1d43      1%          5
c - Animate Dead          Necr           67%        N/A       1%          4
d - Freeze                Ice            100%       1d10      1%          1
e - Swiftness             Air            67%        N/A       1%          3
f - Momentum Strike       Conj/Tloc      100%       3d10      1%          2
g - Vampiric Draining     Necr           67%        2d10      1%          3
h - Static Discharge      Conj/Air       100%       2-7/arc   1%          2
i - Iskenderun's Mystic   Conj/Tloc      67%        2d14      1%          4
j - Shock                 Conj/Air       100%       1d9       1%          1
Your spell library was empty.

Dungeon Overview and Level Annotations

Branches:
Dungeon (11/15)            Temple (1/1) D:6            Lair (5/5) D:9
  Swamp (0/4) Lair:2        Snake (0/4) Lair:3        Slime (0/5) Lair:5
Ossuary (visited)
    Orc: D:9-12

Altars:
Ashenzari
Cheibriados
Dithmenos
Elyvilon
Fedhas
Gozag
Hepliaklqana
Makhleb
Nemelex Xobeh
Okawaru
Qazlal
Ru
Trog
Uskayaw
Wu Jian
Xom
Yredelemnul
Zin
The Shining One
Jiyva

Shops:
D:3 (   D:9 *

Portals:
Abyss: Lair:2

Annotations:
Lair:2 2 transporters, atomjack's ghost, journeyman DEHu


Innate Abilities, Weirdness & Mutations

You are immune to sickness and miasma.
You are immune to poison.
Your flesh is very heat resistant. (rF++)
You are vulnerable to cold. (rC-)
You float through the air rather than walking.
You learn spells naturally, not from books.
Your magical power is your life essence.
You have superior vitality. (+4 MHP)


Message History

The catoblepas breathes a plume of calcifying dust at you.
The blast of calcifying dust hits you.
* * * LOW HITPOINT WARNING * * *
Casting: Airstrike (safe; 1% risk of failure)
Confirm with . or Enter, or press ? or * to list all spells.
Aiming: Airstrike (safe; 1% risk of failure)
Press: ? - help, Dir - move target, f/p - catoblepas
Aim: a catoblepas (severely wounded, empty space bonus: 5/8)
The air twists around and strikes the catoblepas.
The catoblepas is severely wounded.
* * * LOW HITPOINT WARNING * * *
You are engulfed in calcifying dust.
The catoblepas gores you!!
* * * LOW HITPOINT WARNING * * *
Casting: Airstrike (safe; 1% risk of failure)
Confirm with . or Enter, or press ? or * to list all spells.
Aiming: Airstrike (safe; 1% risk of failure)
Press: ? - help, Dir - move target, f/p - catoblepas
Aim: a catoblepas (severely wounded, empty space bonus: 5/8)
The air twists around and strikes the catoblepas.
The catoblepas is severely wounded.
* * * LOW HITPOINT WARNING * * *
You are engulfed in calcifying dust.
You are slowing down.
The catoblepas gores you but does no damage.
You feel much better.
You are engulfed in calcifying dust.
You block the catoblepas's attack.
Your limbs are stiffening.
Casting: Airstrike (safe; 1% risk of failure)
Confirm with . or Enter, or press ? or * to list all spells.
Aiming: Airstrike (safe; 1% risk of failure)
Press: ? - help, Dir - move target, f/p - catoblepas
Aim: a catoblepas (severely wounded, empty space bonus: 5/8)
The air twists around and strikes the catoblepas!
The catoblepas is severely wounded.
* * * LOW HITPOINT WARNING * * *
You are engulfed in calcifying dust.
You no longer feel sluggish.
The catoblepas gores you!!
* * * LOW HITPOINT WARNING * * *
The catoblepas gores you!!
You die...

.......##.# ##............##...#.
.........## #.#..........#####.#.
..........#####.........## ###.
............##...........# #####.
...........###.........### #.#...
.............#.........# ##....
.............#........## ##.....
.......<.............## ##......
..............#Y@§.§.# ###.......
.............##.....####.........
............###.....# #..........
.............##.....# ##.........
..........#..P......####.........
..........#P..........##.........
.........###...........###.......
........###............# #.......
....#...# #............# ##......


You could see a catoblepas.

Vanquished Creatures
  Josephine (Lair:4)
  5 hydras
  A catoblepas (Lair:5)
  A boulder beetle (Lair:5)
  A two-headed ogre (D:10)
  3 death yaks (Lair:4)
  Nergalle (D:10)
  Sonja (D:10)
  2 bog bodies (Lair:2)
  An oklob plant (Lair:1)
  2 cyclopes (D:11)
  Maurice (D:9)
  38 elephants
  A black mamba (Lair:4)
  7 cane toads
  2 rime drakes
  Maggie (D:10)
  3 komodo dragons
  A troll (D:9)
  A hornet (D:8)
  Grinder (D:3)
  Prince Ribbit (Lair:2)
  2 polar bears
  12 blink frogs
  6 wyverns
  5 wraiths
  44 yaks
  A steam dragon (D:9)
  A basilisk (Lair:2)
  A naga (Lair:3)
  An acid dragon (D:11)
  8 water moccasins
  2 ice beasts
  3 orc warriors
  2 black bears
  2 centaurs
  3 ogres
  24 wolves
  5 phantoms
  A necrophage (D:8)
  A scorpion (D:7)
  12 bullfrogs
  3 gnoll sergeants
  5 wights
  4 killer bees (D:9)
  3 howler monkeys
  The ghost of highc0 the Shooter, a weakling DEHs (D:3)
  A centaur zombie (Ossuary)
  6 hounds
  7 jellies
  2 orc priests
  3 gnoll boudas
  Crazy Yiuf (D:7)
  6 orc wizards
  4 iguanas
  2 human simulacra (D:10)
  9 adders
  31 gnolls
  2 white imps (D:6)
  An ufetubus (D:5)
  An adder zombie (Ossuary)
  4 worms
  A dart slug (D:4)
  34 orcs
  7 ball pythons
  A bat (D:3)
  6 endoplasms
  4 giant cockroaches
  11 goblins
  15 hobgoblins
  2 jackals (D:3)
  3 quokkas
  A ball python skeleton (Ossuary)
  4 frilled lizards
  A hobgoblin skeleton (Ossuary)
  2 hobgoblin zombies (Ossuary)
  3 kobolds
  2 kobold zombies (Ossuary)
  An orc skeleton (Ossuary)
  An orc zombie (Ossuary)
  4 rats
411 creatures vanquished.

Vanquished Creatures (others)
  A water moccasin zombie (Lair:3)
  42 fungi
  31 plants
74 creatures vanquished.

Grand Total: 485 creatures vanquished

Notes
Turn   | Place    | Note
-------+----------+-------------------------------------------
     0 | D:1      | Decritt the Djinni Air Elementalist began the quest for the
                  | Orb.
     0 | D:1      | Decritt set off with the following spells memorised: Shock,
                  | Static Discharge, Swiftness, Airstrike.
     0 | D:1      | Reached XP level 1. HP: 15/15 MP: 0/0
   107 | D:1      | Reached skill level 1 in Fighting
   107 | D:1      | Reached XP level 2. HP: 21/22 MP: 0/0
   584 | D:2      | Reached skill level 2 in Fighting
   584 | D:2      | Reached XP level 3. HP: 5/28 MP: 0/0
   584 | D:2      | Learned a level 1 spell: Freeze
   585 | D:2      | Reached XP level 4. HP: 6/33 MP: 0/0
  1760 | D:3      | Noticed Grinder
  1762 | D:3      | Paralysed by Grinder for 5 turns
  1777 | D:3      | Killed Grinder
  1778 | D:3      | Reached skill level 4 in Fighting
  1778 | D:3      | Reached XP level 5. HP: 12/41 MP: 0/0
  1778 | D:3      | Learned a level 2 spell: Momentum Strike
  1778 | D:3      | Reached XP level 6. HP: 14/47 MP: 0/0
  2005 | D:3      | Found a runed translucent door.
  2005 | D:3      | Noticed highc0's ghost (weakling DEHs)
  2361 | D:3      | Found a snail-covered altar of Cheibriados.
  2435 | D:3      | Found Dutuentiasm's Weapon Boutique.
  2624 | D:3      | Killed highc0's ghost
  2625 | D:3      | Reached XP level 7. HP: 47/53 MP: 0/0
  2625 | D:3      | Learned a level 3 spell: Vampiric Draining
  2829 | D:4      | Found a bloodstained altar of Trog.
  3073 | D:4      | Found a shadowy altar of Dithmenos.
  3432 | D:4      | Identified the +7 war axe of Dutism {speed, MP+9 Stlth+}
  3774 | D:5      | Entered Level 5 of the Dungeon
  3779 | D:5      | Reached skill level 5 in Fighting
  3819 | D:5      | Found a hide-covered altar of Uskayaw.
  4224 | D:5      | Reached skill level 5 in Spellcasting
  4375 | D:5      | Noticed a +0 dagger
  4375 | D:5      | Noticed a +0 dagger
  4471 | D:5      | Reached XP level 8. HP: 56/61 MP: 0/0
  4816 | D:6      | Reached skill level 6 in Fighting
  4821 | D:6      | Noticed a cyclops
  6057 | D:6      | Found a staircase to the Ecumenical Temple.
  6066 | Temple   | Entered the Ecumenical Temple
  6291 | Temple   | Became a worshipper of Makhleb the Destroyer
  6571 | D:6      | Reached skill level 7 in Fighting
  6814 | D:6      | Reached XP level 9. HP: 60/68 MP: 0/0
  6814 | D:6      | Learned a level 4 spell: Animate Dead
  7344 | D:7      | Reached skill level 1 in Armour
  7344 | D:7      | Reached skill level 1 in Shields
  7355 | D:7      | Reached skill level 8 in Fighting
  7537 | D:7      | Reached * piety under Makhleb
  7723 | D:7      | Found an iron altar of Okawaru.
  8078 | D:7      | Found a runed translucent door.
  8079 | D:7      | Noticed Crazy Yiuf
  8084 | D:7      | Killed Crazy Yiuf
  8311 | D:8      | Found a sand-covered staircase.
  8320 | Ossuary  | Entered an ossuary
  8796 | Ossuary  | Reached XP level 10. HP: 61/77 MP: 0/0
  9210 | D:8      | Found a shimmering altar of Xom.
  9220 | D:8      | Reached skill level 9 in Fighting
  9394 | D:8      | Reached ** piety under Makhleb
 10052 | D:8      | Found a sparkling altar of Nemelex Xobeh.
 10067 | D:8      | Found a glowing golden altar of the Shining One.
 10612 | D:9      | Noticed Maurice
 10619 | D:9      | Killed Maurice
 10876 | D:9      | Found Uluna's Serpentskin Sales.
 10888 | D:9      | Reached XP level 11. HP: 43/85 MP: 0/0
 10888 | D:9      | Learned a level 4 spell: Iskenderun's Mystic Blast
 11233 | D:9      | Found a staircase to the Lair.
 11577 | D:10     | Entered Level 10 of the Dungeon
 11577 | D:10     | Noticed a two-headed ogre
 11581 | D:10     | Killed a two-headed ogre
 11582 | D:10     | Reached skill level 10 in Fighting
 11671 | D:10     | Noticed Nergalle
 11933 | D:10     | Killed Nergalle
 11934 | D:10     | Reached skill level 5 in Armour
 11934 | D:10     | Reached skill level 5 in Shields
 11980 | D:10     | Reached *** piety under Makhleb
 12375 | D:10     | Noticed Sonja
 12378 | D:10     | Killed Sonja
 12915 | D:10     | Noticed Maggie
 12922 | D:10     | Killed Maggie
 14030 | D:11     | Reached **** piety under Makhleb
 14041 | D:11     | Noticed a cyclops
 14046 | D:11     | Killed a cyclops
 14047 | D:11     | Reached skill level 5 in Dodging
 14371 | D:11     | Noticed a cyclops
 14375 | D:11     | Killed a cyclops
 14673 | Lair:1   | Entered Level 1 of the Lair of Beasts
 14676 | Lair:1   | Reached skill level 11 in Fighting
 14910 | Lair:1   | Noticed an elephant
 14910 | Lair:1   | Noticed an elephant
 14912 | Lair:1   | Noticed an elephant
 15297 | Lair:1   | Killed an elephant
 15298 | Lair:1   | Reached XP level 12. HP: 74/94 MP: 0/0
 16625 | Lair:2   | Noticed a seven-headed hydra
 16633 | Lair:2   | Killed a seven-headed hydra
 16713 | Lair:2   | Found a transporter.
 16713 | Lair:2   | Noticed a rakshasa
 16724 | Lair:2   | Found a one-way gate to the infinite horrors of the Abyss.
 16724 | Lair:2   | Noticed atomjack's ghost (journeyman DEHu)
 16806 | Lair:2   | Noticed Prince Ribbit
 16809 | Lair:2   | Killed Prince Ribbit
 17095 | Lair:2   | Found a staircase to the Swamp.
 17329 | Lair:2   | Reached skill level 12 in Fighting
 17498 | Lair:2   | Found a transporter.
 18572 | Lair:3   | Reached XP level 13. HP: 81/102 MP: 0/0
 18572 | Lair:3   | Learned a level 5 spell: Arcjolt
 19550 | Lair:3   | Reached skill level 10 in Spellcasting
 19793 | Lair:3   | Found a staircase to the Snake Pit.
 19854 | Lair:3   | Noticed a seven-headed hydra
 19858 | Lair:3   | Killed a seven-headed hydra
 20150 | Lair:3   | Reached skill level 13 in Fighting
 21074 | Lair:4   | Noticed Josephine
 22111 | Lair:4   | Killed Josephine
 22604 | Lair:4   | Noticed a five-headed hydra
 22611 | Lair:4   | Killed a five-headed hydra
 22611 | Lair:4   | Reached ***** piety under Makhleb
 22612 | Lair:4   | Reached XP level 14. HP: 78/111 MP: 0/0
 22624 | Lair:4   | Reached skill level 14 in Fighting
 23346 | Lair:5   | Entered Level 5 of the Lair of Beasts
 24093 | Lair:5   | Found a staircase to the Slime Pits.
 24093 | Lair:5   | Found a viscous altar of Jiyva.
 24223 | Lair:4   | HP: 4/112 [elephant (13)]
 26791 | Lair:3   | Mangled by a catoblepas

Illustrated notes

Levels and vault maps discovered:
D:1:      sevenhm_arrival_forest_fort_large_4, layout_basic, minmay_hedge_maze
D:2:      layout_basic
D:3:      cheibrodos_greedy_goblins, layout_basic,
          nicolae_overflow_hidden_temple, serial_shops,
          nicolae_shop_behind_doors, hellmonk_ghost_happy_afterlife,
          uniq_grinder
D:4:      nicolae_cairo_tiling, layout_loops_corners, lemuel_tele_altar,
          mainiacjoe_overflow_cross_hatched, minmay_unequal
D:5:      layout_cave_pods, dancing_weapons_uskayaw
D:6:      layout_loops_corners, minmay_temple_entry_statues_pillars,
          serial_aquarium, aquarium_bridge_square [aquarium_subvault_wall,
          aquarium_subvault_balcony, aquarium_subvault_bridge,
          aquarium_subvault_wall], aquarium_bridge_square
          [aquarium_subvault_balcony, aquarium_subvault_bridge,
          aquarium_subvault_bridge, aquarium_subvault_wall], aquarium_window_1,
          aquarium_window_corner, aquarium_window_2, aquarium_view_2g,
          aquarium_view_2f, aquarium_balcony_3a, minmay_manual_mess
D:7:      layout_rooms, lemuel_round_altar, nicolae_zen_rock_garden,
          uniq_crazy_yiuf_cottage
D:8:      layout_basic, amcnicky_altar_gilded, mainiacjoe_overflow_tiny_flanked,
          pf_just_have_faith, nicolae_ossuary_entry_ruins
D:9:      layout_basic, grunt_lair_entry_orc_guard_hut, guppyfry_shop_venom,
          uniq_maurice
D:10:     layout_layer_cave, bh_circular_ruins, uniq_maggie, uniq_nergalle,
          uniq_sonja
D:11:     layout_rooms, amcnicky_mini_pool_medium
Temple:   compressed_dpeg_triangle_lava_temple
Lair:1:   layout_cave_pods
Lair:2:   layout_regular_city, skrybe_swamp_entry_bodies,
          gammafunk_ghost_abyssal_escape, uniq_prince_ribbit2
Lair:3:   layout_cave_pods, guppyfry_snake_entry_island
Lair:4:   layout_hall_layers, uniq_josephine
Lair:5:   grunt_lair_end_beastmaster, layout_regular_city,
          nicolae_slime_entry_slimehenge

Skill      XL: |  1  2  3  4  5  6  7  8  9 10 11 12 13 14 |
---------------+-------------------------------------------+-----
Fighting       | 1 2 4 5 7 8 9 11 12 13 14 | 14.5
Spellcasting   | 3 4 5 6 7 8 9 10 11 | 11.4
Armour         | 2 4 5 7 8 9 |  9.6
Shields        | 3 4 5 6 |  6.0
Dodging        | 3 5 6 8 9 |  9.8
Stealth        | |  1.5

Action                   |  1- 3 |  4- 6 |  7- 9 | 10-12 | 13-15 || total
-------------------------+-------+-------+-------+-------+-------++-------
Melee: Unarmed           |     2 |    12 |       |       |       ||    14
       Whip              |       |    13 |     1 |       |       ||    14
       War axe           |       |       |    20 |       |       ||    20
 Cast: Shock             |    31 |    82 |   111 |     2 |       ||   226
       Static Discharge  |     1 |       |       |       |       ||     1
       Airstrike         |       |       |    99 |   368 |   433 ||   900
       Swiftness         |       |       |     2 |     3 |     4 ||     9
       Animate Dead      |       |       |       |       |     8 ||     8
       Arcjolt           |       |       |       |       |    12 ||    12
  Use: Scroll            |     2 |     7 |     7 |     8 |     8 ||    32
       Potion            |     1 |       |       |       |     8 ||     9
Armor: Skin              |     9 |    14 |       |       |       ||    23
       Robe              |     2 |     2 |    11 |     4 |       ||    19
       Steam dragon scal |       |       |       |    33 |    80 ||   113
Dodge: Dodged            |     9 |     8 |    22 |    69 |   164 ||   272
Block: Buckler           |       |       |       |    20 |    75 ||    95

Table legend: (Time is in decaauts)
 A = Elapsed time spent in this place.
 B = Non-inter-level travel time spent in this place.
 C = Inter-level travel time spent in this place.
 D = Time resting spent in this place.
 E = Time spent auto-exploring this place.
 F = Levels seen in this place.
 G = Mean time per level.
                   A        B        C        D        E       F      G
               +--------+--------+--------+--------+--------+-----+--------+
         Total |  26791 |  26123 |    668 |   9930 |  13419 |  18 | 1488.4 |
       Dungeon |  14068 |  13583 |    485 |   3935 |   8230 |  11 | 1278.9 |
        Temple |    234 |    225 |      9 |      0 |    207 |   1 |  234.0 |
          Lair |  11820 |  11647 |    173 |   5995 |   4418 |   5 | 2364.0 |
       Ossuary |    667 |    667 |      0 |      0 |    564 |   1 |  667.0 |
               +--------+--------+--------+--------+--------+-----+--------+

Top non-repeatable levels by time:
  Lair:3: 3365 daAuts
  Lair:4: 3312 daAuts
     D:9: 2039 daAuts
    D:10: 1924 daAuts
  Lair:5: 1869 daAuts
     D:6: 1670 daAuts
  Lair:2: 1652 daAuts
  Lair:1: 1620 daAuts
     D:7: 1553 daAuts
     D:5: 1522 daAuts
     D:4: 1085 daAuts
     D:3: 1022 daAuts
     D:8: 955 daAuts
     D:2: 891 daAuts
     D:1: 773 daAuts
